cohdb
Replays
Latest Replays
All Replays
Popular Replays
Top Player Replays
Match Explorer
How It Works
Community
CoH3 Stats
Reddit
Sign in to upload your games and track your stats! →
Sign in with Steam
Match 43167531
Unlisted
Match 43167531
Overview
Messages
Build Orders
End
Kradschützen Motorcycle Team
Selects Italian Combined Arms Battlegroup
Selects Bersaglieri Squad
Bersaglieri Squad
Bersaglieri Squad
Construct Light Support Kompanie
Bersaglieri Squad
Selects Bersaglieri Bolster
Fire Support Elements
Flakvierling Half-track
Pak 38 Mechanized Group
Vehicle Survival Package
Pak 38 Anti-tank Gun Team
Selects Breda Model 30 Light Machine Guns
Construct Panzerarmee Kommand
Emergency Repair Kits
Panzer III L Medium Tank
Rapid Advance
MG34 Team
Bersaglieri Squad
Selects Semovente da 75/18 Assault Gun
Selects Strafing Run
Selects Pact of Steel
Walking Stuka Rocket Launcher
MrGlaucus
Discoverer
Colonel0tto
AHOIENMQ
0
0
Comments
sign in to comment!
No comments posted yet!